 Dungeon Crawl Stone Soup version 0.10.4 character file.

1218 MordorOrchid the Firebug (level 8, -4/49 HPs)
             Began as an Octopode Fire Elementalist on Apr 7, 2020.
             Shot with a runed arrow by a centaur (14 damage)
             ... on Level 6 of the Dungeon.
             The game lasted 00:27:46 (5625 turns).

MordorOrchid the Firebug (OpFE)                     Turns: 5625, Time: 00:27:46

HP  -4/49        AC  1     Str  6      XL: 8   Next: 14%
MP  10/18        EV 13     Int 20      God:
Gold 251         SH  0     Dex 12      Spells:  4 memorised,  6 levels left

Res.Fire  : . . .   See Invis. : .   w - +0 sabre (holy)
Res.Cold  : . . .   Warding    : . . (no shield)
Life Prot.: . . .   Conserve   : .   (helmet restricted)
Res.Acid. : . . .   Res.Corr.  : .   f - amulet of the gourmand
Res.Poison: .       Clarity    : .   (no ring)
Res.Elec. : .       Spirit.Shd : .   (no ring)
Sust.Abil.: . .     Stasis     : .   (no ring)
Res.Mut.  : .       Ctrl.Telep.: .   (no ring)
Res.Rott. : .       Levitation : .   (no ring)
Gourmand  : +       Ctrl.Flight: .   (no ring)
                                     (no ring)
                                     (no ring)

@: burdened, slow, slightly resistant to hostile enchantments, fairly stealthy
A: almost no armour, amphibious, constrict 8, camouflage 1, tentacles 3, spike
2, AC +1, Str -1
a: no special abilities


You were on level 6 of the Dungeon.
You were encumbered.
You were near starving.

You visited 2 branches of the dungeon, and saw 7 of its levels.

You collected 231 gold pieces.

Inventory:

Hand weapons
 g - a +1,+1 dwarven dagger
 i - a +3,+1 dwarven hand axe (quivered)
 j - a +2,+2 bow
 l - a +0,+0 sling
 w - a +0,+0 sabre of holy wrath (weapon)
 E - a +1,+0 elven dagger
 L - a +2,+2 hand axe of freezing
Missiles
 m - 18 poisoned +0 arrows
 q - 5 +0 needles of sickness
 I - 21 steel +0 sling bullets
 N - 16 +0 darts of flame
Armour
 d - a +1 dwarven buckler
Comestibles
 c - 4 bread rations
 p - 9 strawberries
 z - 2 pears
 H - a meat ration
Scrolls
 e - a scroll of remove curse {unknown}
 h - a scroll of curse jewellery {unknown}
 s - a scroll of enchant weapon I {unknown}
 u - a scroll of magic mapping {unknown}
 v - a scroll of enchant weapon II {unknown}
 y - a scroll of enchant armour {unknown}
 A - a scroll of blinking
 B - 2 scrolls of fog
 C - a scroll of recharging {unknown}
 D - a scroll of noise {unknown}
 J - a scroll of detect curse {unknown}
Jewellery
 f - an amulet of the gourmand (around mantle)
 k - an uncursed amulet of the gourmand
Potions
 a - 2 potions of restore abilities {unknown}
 o - 2 potions of heal wounds
 r - a potion of mutation {unknown}
 t - 4 potions of curing
 F - a potion of resistance {unknown}
Books
 b - a book of Flames

   Spells                             Type                      Level
   *Flame Tongue                      Conjuration/Fire             1
   *Throw Flame                       Conjuration/Fire             2
   *Conjure Flame                     Conjuration/Fire             3
   Inner Flame                        Hexes/Fire                   3
   *Sticky Flame                      Conjuration/Fire             4
   Fireball                           Conjuration/Fire             5
 x - a book of Beasts

   Spells                             Type                      Level
   Summon Butterflies                 Summoning                    1
   Sticks to Snakes                   Transmutation                2
   Call Canine Familiar               Summoning                    3
   Ice Form                           Ice/Transmutation            4
   Summon Ice Beast                   Ice/Summoning                4
   Summon Hydra                       Summoning                    7
Carrion
 n - a hound corpse
 K - a giant gecko skeleton


   Skills:
 * Level 3.2 Fighting
 + Level 3.4 Dodging
 - Level 3.2 Stealth
 * Level 4.6 Spellcasting
 * Level 4.4 Conjurations
 * Level 5.7 Fire Magic


You had 6 spell levels left.
You knew the following spells:

 Your Spells              Type           Power        Failure   Level  Hunger
a - Flame Tongue          Fire/Conj      #####.       1%          1    None
b - Throw Flame           Fire/Conj      #####..      2%          2    Sultana
c - Conjure Flame         Fire/Conj      #####....    6%          3    Choko
e - Sticky Flame          Fire/Conj      #####....    17%         4    Honeycomb

Dungeon Overview and Level Annotations

Branches:
Dungeon (6/27)             Temple (0/1) D:4             Orc (1/4) D:6

Altars:
Cheibriados
Elyvilon
Kikubaaqudgha
Nemelex Xobeh
Okawaru
Sif Muna
Vehumet
Xom

Shops:
D:4: +

Annotations
D:5 Prince Ribbit


Innate Abilities, Weirdness & Mutations

You cannot wear most types of armour.
You can wear up to eight rings at the same time.
You are amphibious.
You can use your tentacles to constrict many enemies at once.
Your rubbery body absorbs attacks (AC +1).
Your skin changes colour to match your surroundings (Stlth).
You have a mass of large tentacles instead of arms.
You are weak (Str -1).
One of your tentacles bears a nasty spike.


Message History

The centaur shoots a runed arrow.
The runed arrow misses you.
Casting: Throw Flame
Confirm with . or Enter, or press ? or * to list all spells.
Aiming: Throw Flame
Press: ? - help, Shift-Dir - straight line, f/p - centaur
Aim: a centaur, wielding a bow (moderately wounded)
The puff of flame hits the centaur.
The centaur is heavily wounded.
The centaur shoots a runed arrow.
The runed arrow misses you.
The centaur shoots a runed arrow.
The runed arrow hits you!
* * * LOW HITPOINT WARNING * * *
Casting: Throw Flame
Confirm with . or Enter, or press ? or * to list all spells.
Aiming: Throw Flame
Press: ? - help, Shift-Dir - straight line, f/p - centaur
Aim: a centaur, wielding a bow (heavily wounded)
The puff of flame hits the centaur.
The centaur is almost dead.
The centaur shoots a runed arrow.
The runed arrow hits you!
You die...

......#.#.#####..
.?.............# #.#
............#.#.#
#.#
..............#.#
#.#
......c....##.##.#
#.#
..............#.#
#.# ......>........#
#.#
####....#....#####..
#..@(.........##....
#...#####.....##....
#...# ###.........
.(#.(. #.........
....##... ####......
.... #.... #....#.
(#. ...... #....#.
#. ..... #...... ...
####...


You could see a centaur.

Vanquished Creatures
  Eustachio (D:5)
  A sky beast (D:5)
  A centaur (D:6)
  An ogre (D:6)
  Duvessa (D:6)
  A giant frog (D:6)
  Dowan (D:6)
  An orc priest (D:6)
  4 hounds
  A hound skeleton (D:5)
  An iguana (D:5)
  An orc wizard (D:6)
  Jessica (D:3)
  3 gnolls (D:3)
  A lemure (D:5)
  6 adders
  A shadow imp (D:4)
  A white imp (D:5)
  2 worms (D:3)
  An ooze (D:1)
  2 orcs
  5 ball pythons
  5 giant cockroaches
  9 goblins
  9 hobgoblins
  20 bats
  5 giant geckos
  5 giant newts
  A jackal zombie (D:5)
  11 kobolds
  2 quokkas
  9 rats
  A toadstool (D:1)
115 creatures vanquished.

Vanquished Creatures (others)
  A human (D:2)
  4 toadstools
5 creatures vanquished.

Grand Total: 120 creatures vanquished

Notes
Turn   | Place    | Note
--------------------------------------------------------------
     0 | D:1      | MordorOrchid, the Octopode Fire Elementalist, began the quest for the Orb.
     0 | D:1      | Reached XP level 1. HP: 11/11 MP: 3/3
   241 | D:1      | Reached XP level 2. HP: 17/17 MP: 4/4
   245 | D:1      | Learned a level 2 spell: Throw Flame
   254 | D:1      | Found a deep blue altar of Sif Muna.
  1041 | D:2      | Reached skill level 1 in Fighting
  1108 | D:2      | Reached XP level 3. HP: 21/21 MP: 6/6
  1251 | D:2      | Found an iron altar of Okawaru.
  1328 | D:2      | Found an ancient bone altar of Kikubaaqudgha.
  1630 | D:3      | Found a snail-covered altar of Cheibriados.
  1692 | D:3      | Learned a level 3 spell: Conjure Flame
  1791 | D:3      | Reached XP level 4. HP: 12/27 MP: 2/8
  1859 | D:3      | Found a radiant altar of Vehumet.
  2199 | D:3      | Noticed Jessica
  2275 | D:3      | Killed Jessica
  2275 | D:3      | Reached skill level 4 in Fire Magic
  2275 | D:3      | Reached XP level 5. HP: 32/32 MP: 7/10
  2326 | D:3      | Found a deep blue altar of Sif Muna.
  2455 | D:3      | Found a sparkling altar of Nemelex Xobeh.
  2781 | D:4      | Found a staircase to the Ecumenical Temple.
  3196 | D:4      | Found a white marble altar of Elyvilon.
  3281 | D:4      | Found Kicio's Book Boutique.
  3555 | D:5      | Entered Level 5 of the Dungeon
  3647 | D:5      | Noticed Prince Ribbit
  3658 | D:5      | Learned a level 4 spell: Sticky Flame
  4121 | D:5      | Reached XP level 6. HP: 37/37 MP: 3/13
  4135 | D:5      | Gained mutation: One of your tentacles bears a spike.
  4136 | D:5      | Gained mutation: You are weak (Str -1).
  4137 | D:5      | Gained mutation: One of your tentacles bears a nasty spike.
  4327 | D:5      | Found a shimmering altar of Xom.
  4343 | D:5      | Noticed Eustachio
  4441 | D:5      | Killed Eustachio
  4441 | D:5      | Reached XP level 7. HP: 26/43 MP: 6/15
  4931 | D:6      | Noticed Duvessa
  4931 | D:6      | Noticed Dowan
  5000 | D:6      | Reached skill level 5 in Fire Magic
  5002 | D:6      | Found a staircase to the Orcish Mines.
  5013 | Orc:1    | Entered Level 1 of the Orcish Mines
  5105 | D:6      | Killed Duvessa
  5108 | D:6      | Killed Dowan
  5419 | D:6      | Reached XP level 8. HP: 49/49 MP: 13/18
  5625 | D:6      | Shot with a runed arrow by a centaur
